 Dungeon Crawl Stone Soup version 0.29.1-1-gd02db69 (webtiles) character file.

Game seed: 8521116014576378541

726 bonegar the Covert (level 7, -2/60 HPs)
             Began as a Naga Enchanter on Mar 15, 2023.
             Was a Priest of Jiyva.
             Slain by a gnoll
             ... wielding a +0 club
             ... led by a gnoll sergeant
              (7 damage)
             ... on level 4 of the Dungeon.
             The game lasted 00:40:54 (3023 turns).

bonegar the Covert (Naga Enchanter)                 Turns: 3023, Time: 00:40:54

Health: -2/60      AC:  4    Str: 10    XL:     7   Next: 72%
Magic:  12/12      EV: 10    Int: 15    God:    Jiyva [***...]
Gold:   86         SH:  0    Dex: 12    Spells: 6/12 levels left

rFire   . . .      SeeInvis +   a - +1 dagger
rCold   + . .      Faith    .   (no shield)
rNeg    . . .      Spirit   .   c - +1 robe {rC+}
rPois   +          Reflect  .   (no helmet)
rElec   .          Harm     .   (no cloak)
rCorr   +          Rampage  .   (no gloves)
Will    .....                   (no barding)
Stlth   +++++.....              (no amulet)
HPRegen 1.32/turn               i - ring of poison resistance
MPRegen 0.48/turn               (no ring)

@: hasted, quick
A: AC +2, large, see invisible, deformed body, poison resistance, slowness 2,
spit poison 1, naga tail 1, clumsy 1, pseudopods 1, translucent skin 3
a: Spit Poison, Renounce Religion, Oozemancy


You were on level 4 of the Dungeon.
You worshipped Jiyva.
Jiyva was most pleased with you.
You visited 1 branch of the dungeon, and saw 4 of its levels.
You also visited: Ossuary.

You collected 86 gold pieces.

Inventory:

Hand Weapons
 a - a +1 dagger (weapon)
Missiles
 n - 4 poisoned darts
Armour
 b - a +0 robe
 c - a +1 robe of cold resistance (worn)
Jewellery
 i - a ring of poison resistance (left hand)
 o - a ring of fire
Scrolls
 e - 2 scrolls of torment
 f - a scroll of fog
 h - a scroll of teleportation
Potions
 k - a potion of curing {unknown}
 l - a potion of lignification {unknown}


   Skills:
 + Level 2.3 Fighting
 + Level 3.1 Short Blades
 + Level 2.7 Dodging
 + Level 8.1 Stealth
 + Level 3.4 Spellcasting
 + Level 0.6 Conjurations
 + Level 3.9 Hexes
 + Level 0.2 Transmutations
 + Level 1.9 Ice Magic
 + Level 0.3 Poison Magic


You had 6 spell levels left.
You knew the following spells:

 Your Spells              Type           Power      Damage    Failure   Level
a - Spider Form           Tmut/Pois      3%         N/A       45%         3
b - Ensorcelled Hibernat  Hex/Ice        22%        N/A       9%          2
c - Magic Dart            Conj           16%        1d3       16%         1

Your spell library contained the following spells:

 Spells                   Type           Power      Damage    Failure   Level
 Confusing Touch          Hex            14%        N/A       12%         3
 Tukima's Dance           Hex            14%        N/A       12%         3
 Searing Ray              Conj           8%         2d4       22%         2
 Dazzling Flash           Conj/Hex       18%        N/A       22%         3
 Static Discharge         Conj/Air       3%         3-4/arc   26%         2
 Fulminant Prism          Conj/Hex       4%         3d6       58%         4
 Anguish                  Hex/Necr       4%         N/A       63%         4
 Sticky Flame             Conj/Fire      3%         2d3       86%         4
 Dispel Undead            Necr           2%         3d7       88%         4


Dungeon Overview and Level Annotations

Branches:
Dungeon (4/15)            Ossuary (visited)
 Temple: D:4-7

Altars:
Sif Muna
Wu Jian
Yredelemnul
Jiyva

Shops:
D:3 [


Innate Abilities, Weirdness & Mutations

Your serpentine skin is tough. (AC +2)
You have supernaturally acute eyesight. (SInv)
Armour fits poorly on your strangely shaped body.
Your system is resistant to poisons. (rPois)
You cover ground very slowly.
You can spit poison.
You have a snake-like lower body.
You are clumsy. (Dex -2)
Armour fits poorly on your pseudopods.
Your transparent skin significantly reduces your foes' accuracy. (Stealth+)


Message History

Casting: Ensorcelled Hibernation (safe; 9% risk of failure)
Confirm with . or Enter, or press ? or * to list all spells.
Aiming: Ensorcelled Hibernation (safe; 9% risk of failure)
Press: ? - help, Shift-Dir - straight line, f - gnoll sergeant
Aim: a gnoll sergeant, wielding a +1 vorpal trident and wearing a +3 scale mail (chance to affect: 45%)
The gnoll sergeant resists with some effort.
The gnoll sergeant hits you from afar with a +1 vorpal trident!
A kobold brigand comes into view.
It is wielding a +0 dagger and quivering poisoned darts.
Okay, then.
Activating: Oozemancy (22% risk of failure)
Press: ? - help, Dir - look around, f - activate You fail to use your ability.
The gnoll sergeant hits you from afar with a +1 vorpal trident!
* * * LOW HITPOINT WARNING * * *
x2 The gnoll barely misses you.
The kobold brigand throws a poisoned dart.
The poisoned dart hits you.
You are poisoned.
The gnoll hits you with a +0 club.
* * * LOW HITPOINT WARNING * * *
The gnoll sergeant barely misses you.
You feel sick.
It was a potion of magic.
Magic courses through your body.
You feel sick. The gnoll barely misses you.
The gnoll sergeant barely misses you.
It was a potion of heal wounds.
You feel much better.
You feel sick.
The gnoll sergeant hits you from afar with a +1 vorpal trident.
The gnoll hits you with a +0 club.
* * * LOW HITPOINT WARNING * * *
It was a potion of mutation.
You feel extremely strange.
Your pseudopods become smaller.
You no longer feel strong-willed.
You stop exuding ooze.
You feel clumsy.
You feel sick. The gnoll sergeant barely misses you.
The gnoll hits you with a +0 club.
* * * LOW HITPOINT WARNING * * *
It was a potion of haste.
You feel yourself speed up.
You feel sick.
You are no longer poisoned.
The gnoll sergeant hits you from afar with a +1 vorpal trident!
* * * LOW HITPOINT WARNING * * *
x2 The gnoll hits you with a +0 club!
You die...

#....~≈≈~~.###
#.##.~~≈~~.#
#.##.~≈~~~.##
#.#...~~~...#
#.#..~~~≈~..#
#.#.~~~≈≈~~.#
#....P≈≈≈≈..#
#...~~≈≈~.~.#
#####@..P~≈≈≈~..#
..###..gKg.~.≈≈≈~~..#
......)...~~~≈≈≈~~..#
#..........≈P≈≈≈≈~..#
#####......≈≈≈......#
##....P.~≈≈≈..~..#
#.....~~~≈~~.~...#
#...~~P~≈≈~~~....#
##...P≈≈≈~~P.....#


You could see a kobold brigand, a gnoll sergeant and a gnoll.

Vanquished Creatures
  Menkaure (Ossuary)
  Duvessa (D:4)
  Pargi (D:3)
  A scorpion (D:3)
  Dowan (D:4)
  A centaur zombie (Ossuary)
  Natasha (twice) (D:3)
  3 ogre zombies (Ossuary)
  7 mummies
  2 gnolls (D:4)
  3 adders
  2 adder zombies (Ossuary)
  A worm (D:2)
  2 orcs
  6 ball pythons
  4 giant cockroaches
  10 goblins
  6 hobgoblins
  2 quokkas
  4 bats
  A goblin zombie (Ossuary)
  5 hobgoblin zombies (Ossuary)
  4 kobolds
  A kobold zombie (Ossuary)
  3 quokka zombies (Ossuary)
  2 rats
  A rat zombie (Ossuary)
77 creatures vanquished.

Vanquished Creatures (others)
  3 jellies
  A centaur zombie (Ossuary)
  An orc priest (D:2)
  2 scorpion zombies (D:3)
  Natasha (D:3)
  Robin (D:3)
  2 gnolls (D:4)
  3 adder zombies
  2 dart slugs
  3 endoplasms
  A worm (D:3)
  2 orcs (D:2)
  2 bats
  A giant cockroach (D:1)
  9 goblins
  7 hobgoblins
  A quokka (D:1)
  2 ball pythons
  4 frilled lizards
  3 hobgoblin zombies (Ossuary)
  2 quokka zombies
  A rat (D:1)
  2 rat zombies (Ossuary)
  12 plants (D:4)
68 creatures vanquished.

Grand Total: 145 creatures vanquished

Notes
Turn   | Place    | Note
-------+----------+-------------------------------------------
     0 | D:1      | bonegar the Naga Enchanter began the quest for the Orb.
     0 | D:1      | Reached XP level 1. HP: 15/15 MP: 3/3
    69 | D:1      | Found a faded altar of an unknown god.
    72 | D:1      | Prayed at the altar of an unknown god.
    72 | D:1      | Became a worshipper of Jiyva Jicviyz the Shapeless
    72 | D:1      | Reached * piety under Jiyva
   201 | D:1      | Reached XP level 2. HP: 14/22 MP: 5/5
   304 | D:1      | Reached skill level 5 in Stealth
   682 | D:2      | Found a shimmering blue altar of Sif Muna.
   685 | D:2      | Reached ** piety under Jiyva
   765 | D:2      | Reached XP level 3. HP: 24/30 MP: 6/6
   989 | D:2      | Learned a level 3 spell: Spider Form
   992 | D:2      | Learned a level 2 spell: Ensorcelled Hibernation
  1057 | D:2      | Reached *** piety under Jiyva
  1204 | D:3      | Gained mutation: Your melee attacks may engulf your foes in
                  | ooze. [Jiyva's grace]
  1204 | D:3      | Gained mutation: Armour fits poorly on your pseudopods.
                  | [Jiyva's grace]
  1204 | D:3      | Gained mutation: Armour fits poorly on your large
                  | pseudopods. [Jiyva's grace]
  1204 | D:3      | Gained mutation: Armour fits poorly on your massive
                  | pseudopods. [Jiyva's grace]
  1210 | D:3      | Noticed Natasha
  1219 | D:3      | Killed Natasha
  1220 | D:3      | Reached XP level 4. HP: 36/37 MP: 5/7
  1309 | D:3      | Killed Natasha
  1344 | D:3      | Noticed Pargi
  1352 | D:3      | Killed Pargi
  1353 | D:3      | Reached skill level 1 in Fighting
  1353 | D:3      | Reached skill level 6 in Stealth
  1353 | D:3      | Reached XP level 5. HP: 44/44 MP: 8/8
  1401 | D:3      | Noticed Natasha
  1412 | D:3      | Killed Natasha
  1434 | D:3      | Reached XP level 6. HP: 40/51 MP: 9/9
  1470 | D:3      | Killed Robin
  1497 | D:3      | Reached **** piety under Jiyva
  1563 | D:3      | Found a basalt altar of Yredelemnul.
  1680 | D:3      | Found Kuwkeidi's Antique Armour Shoppe.
  1795 | D:3      | Found an ornate altar of the Wu Jian Council.
  2099 | D:4      | Noticed Duvessa
  2100 | D:4      | Noticed Dowan
  2104 | D:4      | Killed Duvessa
  2105 | D:4      | Reached skill level 7 in Stealth
  2105 | D:4      | Reached skill level 1 in Ice Magic
  2110 | D:4      | Killed Dowan
  2282 | D:4      | Found a sand-covered staircase.
  2285 | D:4      | Learned a level 1 spell: Magic Dart
  2309 | Ossuary  | Entered an ossuary
  2336 | Ossuary  | Reached XP level 7. HP: 58/58 MP: 11/11
  2381 | Ossuary  | Noticed Menkaure
  2428 | Ossuary  | Killed Menkaure
  2487 | Ossuary  | Reached skill level 8 in Stealth
  2754 | D:4      | Lost mutation: Armour fits poorly on your massive
                  | pseudopods. [Jiyva's grace]
  2754 | D:4      | Gained mutation: Your translucent skin slightly reduces
                  | your foes' accuracy. (Stealth+) [Jiyva's grace]
  2754 | D:4      | Gained mutation: Your translucent skin reduces your foes'
                  | accuracy. (Stealth+) [Jiyva's grace]
  2754 | D:4      | Gained mutation: Your transparent skin significantly
                  | reduces your foes' accuracy. (Stealth+) [Jiyva's grace]
  2754 | D:4      | Gained mutation: You are strong-willed. (Will+) [Jiyva's
                  | grace]
  3022 | D:4      | Lost mutation: Armour fits poorly on your large pseudopods.
                  | [potion of mutation]
  3022 | D:4      | Lost mutation: You are strong-willed. (Will+) [potion of
                  | mutation]
  3022 | D:4      | Lost mutation: Your melee attacks may engulf your foes in
                  | ooze. [potion of mutation]
  3022 | D:4      | Gained mutation: You are clumsy. (Dex -2) [potion of
                  | mutation]
  3023 | D:4      | Slain by a gnoll

Illustrated notes

Levels and vault maps discovered:
D:1:      ebering_hopf_link, layout_basic, basic_ecumenical_altar,
          minmay_tromino_v4_a
D:2:      layout_basic, basic_altar
D:3:      layout_basic, nicolae_wu_jian_immortal_techniques,
          nicolae_yredelemnul_corpse_copse, serial_shops, nicolae_shop_stone,
          uniq_natasha, uniq_robin, uniq_pargi
D:4:      layout_basic, gup_ossuary_entry_pyramid, chequers_big_river,
          small_statue_alley_b, uniq_duvessa

Skill      XL: |  1  2  3  4  5  6  7 |
---------------+----------------------+-----
Stealth        | 5 6 7 8 |  8.1
Dodging        | 2 |  2.7
Fighting       | 1 2 |  2.3
Short Blades   | 2 3 |  3.1
Ice Magic      | 1 |  1.9
Spellcasting   | 3 |  3.4
Conjurations   | |  0.6
Hexes          | |  3.9
Transmutations | |  0.2
Poison Magic   | |  0.3

Action                   |  1- 3 |  4- 6 |  7- 9 || total
-------------------------+-------+-------+-------++-------
Melee: Dagger            |   112 |    39 |    79 ||   230
       Pseudopods        |     1 |     6 |    25 ||    32
       Punch             |     1 |       |     5 ||     6
 Cast: Ensorcelled Hiber |     3 |    14 |     2 ||    19
       Spider Form       |     1 |       |       ||     1
       Magic Dart        |       |     6 |     3 ||     9
Invok: Oozemancy         |       |     2 |     3 ||     5
       Slimify           |       |     1 |       ||     1
 Abil: Spit Poison       |       |     1 |     1 ||     2
  Use: Potion            |     3 |       |     4 ||     7
       Scroll            |       |     2 |     1 ||     3
 Stab: Sleeping          |     4 |    13 |    10 ||    27
       Invisible         |     4 |       |       ||     4
Armor: Robe              |    22 |     3 |    17 ||    42
Dodge: Dodged            |    68 |     7 |    46 ||   121
